 Dungeon Crawl Stone Soup version 0.30-a0-862-g1aabd4f9c5 (webtiles) character file.

Game seed: 3069269083628076762

33 bande the Shield-Bearer (level 3, 0/23 HPs)
             Began as a Gargoyle Fighter on Mar 8, 2023.
             Slain by Sigmund
             ... wielding a +0 scythe
              (5 damage)
             ... on level 2 of the Dungeon.
             The game lasted 00:00:58 (835 turns).

bande the Shield-Bearer (Gargoyle Fighter)           Turns: 835, Time: 00:00:59

Health: 0/23       AC: 10    Str: 19    XL:     3   Next: 29%
Magic:  3/3        EV:  9    Int:  8    God:
Gold:   30         SH:  4    Dex: 11    Spells: 2/2 levels left

rFire   . . .      SeeInvis .    a - +0 war axe
rCold   . . .      Faith    .    c - +0 buckler
rNeg    + . .      Spirit   .    b - +0 scale mail
rPois   ∞          Reflect  .    (no helmet)
rElec   +          Rampage  .    (no cloak)
rCorr   .                        (no gloves)
Will    .....                    (no boots) Stlth
                                 (no amulet)
HPRegen 0.23/turn                (no ring)
MPRegen 0.08/turn                (no ring)

@: mighty
A: sickness immunity, AC +3, negative energy resistance 1, electricity
resistance, torment resistance 1, petrification resistance
a: no special abilities


You were on level 2 of the Dungeon.
You visited 1 branch of the dungeon, and saw 2 of its levels.

You collected 30 gold pieces.

Inventory:

Hand Weapons
 a - a +0 war axe (weapon)
Armour
 b - a +0 scale mail (worn)
 c - a +0 buckler (worn)
Jewellery
 g - a ring of fire
Scrolls
 e - a scroll of fear {unknown}
 f - a scroll of identify {unknown}
Potions
 h - a potion of curing {unknown}
 i - a potion of degeneration {unknown}


   Skills:
 + Level 3.6 Fighting
 + Level 2.1 Axes
 + Level 3.6 Armour
 + Level 3.9 Shields


You had 2 spell levels left.
You didn't know any spells.
Your spell library was empty.

Dungeon Overview and Level Annotations

Branches:
Dungeon (2/15)

Altars:

Annotations:
D:2 Sigmund


Innate Abilities, Weirdness & Mutations

You are immune to sickness and miasma.
Your stone body is resilient. (AC +3)
You are immune to poison.
You resist negative energy. (rN+)
You are resistant to electric shocks. (rElec)
You are resistant to unholy torment.
You are immune to petrification.


Message History

Sigmund points at you and mumbles some strange words.
You are confused.
Sigmund hits you but does no damage.
You are too confused!
You are too confused!
You are too confused!
You are too confused!
You are too confused!
You are too confused!
You are too confused!
You are too confused!
You are too confused!
Sigmund casts a spell at you. The puff of flame hits you!
You bump into the rock wall.
Sigmund closely misses you.
You hit Sigmund but do no damage.
Sigmund is severely wounded.
Sigmund hits you but does no damage.
You feel very mighty all of a sudden.
You feel less confused. Sigmund barely misses you.
You closely miss Sigmund.
Sigmund is severely wounded.
Sigmund hits you with a +0 scythe.
* * * LOW HITPOINT WARNING * * *
You closely miss Sigmund.
Sigmund is severely wounded.
Sigmund hits you but does no damage.
You hit Sigmund but do no damage.
Sigmund is severely wounded.
You closely miss Sigmund.
Sigmund is severely wounded.
Sigmund casts a spell at you. You resist with significant effort.
Sigmund gestures at you while chanting. The puff of flame hits you.
* * * LOW HITPOINT WARNING * * *
You barely miss Sigmund.
Sigmund is severely wounded.
Sigmund hits you with a +0 scythe.
You die...

..... #.###
...#.# .... ....
...# #.####..####
#...........
#.#.<....#
#.#......#
#........#
#@)......#
#....<@.###......
#........ ..#.###
#...#.###. ###.#
... .. .. # ##
.#. ## ..# .#


You could see Sigmund.

Vanquished Creatures
  3 dart slugs (D:1)
  3 bats
  An endoplasm (D:1)
  2 goblins (D:1)
  3 hobgoblins (D:1)
  7 kobolds
  2 quokkas (D:1)
  2 ball pythons (D:1)
  A frilled lizard (D:1)
  A rat (D:1)
25 creatures vanquished.

Notes
Turn   | Place    | Note
-------+----------+-------------------------------------------
     0 | D:1      | bande the Gargoyle Fighter began the quest for the Orb.
     0 | D:1      | Reached XP level 1. HP: 14/14 MP: 1/1
    68 | D:1      | Reached XP level 2. HP: 18/19 MP: 2/2
   492 | D:1      | Reached XP level 3. HP: 23/23 MP: 3/3
   820 | D:2      | Noticed Sigmund
   835 | D:2      | Slain by Sigmund

Illustrated notes

Levels and vault maps discovered:
D:1:      dpeg_arrival_long_road, layout_basic
D:2:      layout_basic, shapermc_ecumenical_altar_ellora, corner_web_ring,
          minmay_tree_intersection, uniq_sigmund, uniq_terence

Skill      XL: |  1  2 |
---------------+-------+-----
Axes           | 2 |  2.1
Fighting       | |  3.6
Armour         | |  3.6
Shields        | |  3.9

Action                     || total
---------------------------++-------
  Melee: War axe           ||    66
    Use: Potion            ||     1
 Armour: Scale mail        ||    31
  Dodge: Dodged            ||    37
  Block: Buckler           ||    16

Table legend: (Time is in decaauts)
 A = Elapsed time spent in this place.
 B = Non-inter-level travel time spent in this place.
 C = Inter-level travel time spent in this place.
 D = Time resting spent in this place.
 E = Time spent auto-exploring this place.
 F = Levels seen in this place.
 G = Mean time per level.
                   A        B        C        D        E       F      G
               +--------+--------+--------+--------+--------+-----+--------+
         Total |    863 |    777 |     86 |      0 |    613 |   2 |  431.5 |
       Dungeon |    863 |    777 |     86 |      0 |    613 |   2 |  431.5 |
               +--------+--------+--------+--------+--------+-----+--------+

Top non-repeatable levels by time:
     D:1: 841 daAuts
     D:2: 22 daAuts
